 Dungeon Crawl Stone Soup version 0.30-a0-702-gdf48620a09 (webtiles) character file.

Game seed: 17007840943495576356

375 lessens the Cleaver (level 6, -3/70 HPs)
             Began as a Barachi Berserker on Jan 21, 2023.
             Was a Believer of Trog.
             Slain by an ogre
             ... wielding a +0 giant spiked club
              (28 damage)
             ... on level 4 of the Dungeon.
             The game lasted 00:04:28 (3423 turns).

lessens the Cleaver (Barachi Berserker)             Turns: 3423, Time: 00:04:28

Health: -3/70      AC:  6    Str: 20    XL:     6   Next: 72%
Magic:  6/6        EV: 11    Int:  7    God:    Trog [**....]
Gold:   199        SH:  0    Dex: 12    Spells: 5/5 levels left

rFire   . . .      SeeInvis .    a - +0 hand axe
rCold   + . .      Faith    .    (no shield)
rNeg    . . .      Spirit   .    m - +0 ring mail
rPois   .          Reflect  .    y - +0 helmet
rElec   .          Harm     .    (no cloak)
rCorr   .          Rampage  .    (no gloves)
Will    .....                    (no boots) Stlth
                                 (no amulet)
HPRegen 0.31/turn                l - ring of protection from cold
MPRegen 0.10/turn                (no ring)

@: berserking, quick
A: amphibious, slowness 1, strong legs 1, +LOS
a: Hop, Renounce Religion, Berserk, Trog's Hand


You were on level 4 of the Dungeon.
You worshipped Trog.
Trog was pleased with you.
You visited 1 branch of the dungeon, and saw 4 of its levels.

You collected 199 gold pieces.

Inventory:

Hand Weapons
 a - a +0 hand axe (weapon)
Missiles
 f - 21 stones
 s - 5 boomerangs
Armour
 b - a +0 animal skin
 m - a +0 ring mail (worn)
 y - a +0 helmet (worn)
Jewellery
 l - a ring of protection from cold (left hand)
 q - a ring of fire
Wands
 C - a wand of flame (14)
Scrolls
 d - 3 scrolls of fog {unknown}
 e - a scroll of amnesia {unknown}
 i - a scroll of silence {unknown}
 k - a scroll of noise {unknown}
 n - a scroll of teleportation {unknown}
 p - a scroll of acquirement {unknown}
 t - 3 scrolls of identify {unknown}
 u - a scroll of poison {unknown}
 v - a scroll of brand weapon {unknown}
 w - a scroll of vulnerability {unknown}
 x - 2 scrolls of magic mapping {unknown}
 A - a scroll of enchant armour {unknown}
 E - a scroll of torment {unknown}
Potions
 c - a potion of experience {unknown}
 g - 4 potions of curing {unknown}
 h - a potion of lignification {unknown}
 j - 2 potions of degeneration {unknown}
 o - 2 potions of mutation {unknown}
 r - a potion of might {unknown}
 z - 2 potions of flight {unknown}
 B - a potion of haste {unknown}
 D - a potion of invisibility {unknown}


   Skills:
 - Level 3.6 Fighting
 + Level 8.1 Axes
 - Level 2.4 Armour
 - Level 2.1 Dodging


You had 5 spell levels left.
You didn't know any spells.
Your spell library was empty.

Dungeon Overview and Level Annotations

Branches:
Dungeon (4/15) Zot: 20051
 Temple: D:4-7

Altars:
Uskayaw
The Shining One

Shops:
D:1 [=*


Innate Abilities, Weirdness & Mutations

You are amphibious.
You cover ground slowly.
You can hop short distances.
You have an extended range of vision and can be seen from far away.


Message History

The goblin hits you with a +0 dagger.
You barely miss the goblin.
The goblin is moderately wounded.
The goblin hits you but does no damage.
You closely miss the goblin.
The goblin is moderately wounded.
The goblin misses you. The goblin closely misses you.
You hit the goblin.
The goblin is almost dead.
The goblin hits you but does no damage.
You slash the goblin!
You kill the goblin!
Trog accepts your kill.
No target in view!
No target in view!
You feel yourself speed up.
E - a scroll labelled TATOQE TIXTUPT
Things that are here:
a +0 dagger; a goblin corpse An ogre comes into view.
It is wielding a +0 giant spiked club.
The ogre shouts!
An ogre is nearby!
You see here a +0 giant spiked club.
You recover from your berserk rage.
The ogre closely misses you.
Okay, then.
You hit the ogre but do no damage. You barely miss the ogre.
The ogre hits you with a +0 giant spiked club!!
Ouch! That really hurt!
You hit the ogre but do no damage. The ogre closely misses you.
A red film seems to cover your vision as you go berserk!
You feel yourself moving faster!
You feel mighty!
You barely miss the ogre. The ogre misses you.
You completely miss the ogre. You barely miss the ogre. You slash the ogre!
The ogre is heavily wounded.
The ogre hits you with a +0 giant spiked club!!
You die...

######## ..?.....
........ ###
#######........ #.#
##.............. #.##
##...#.#.......O. #>.#
#####.........# #..#
#.....##..O.###
#..###........@#.######
###
#...########...)..)...###
##.# ###.#..#
#.......###[..####..#
#...##.# #....#.#.#
###........
#.#.##.#####........#
#####....
.#..##....##...#.####
#.... ..)#..###.##...#..
###.#..
.#...#..#.########.
###...##. ...#...#..# #
#...#.###


You could see an ogre.

Vanquished Creatures
  An ogre (D:4)
  A centaur (D:4)
  3 orc wizards (D:3)
  2 adders
  3 gnolls
  3 worms
  3 dart slugs
  9 orcs
  4 bats
  8 endoplasms
  A giant cockroach (D:1)
  6 goblins
  4 hobgoblins
  6 jackals
  5 kobolds
  A quokka (D:4)
  7 ball pythons
  2 frilled lizards
  5 rats
74 creatures vanquished.

Vanquished Creatures (others)
  4 plants (D:4)
4 creatures vanquished.

Grand Total: 78 creatures vanquished

Notes
Turn   | Place    | Note
-------+----------+-------------------------------------------
     0 | D:1      | lessens the Barachi Berserker began the quest for the Orb.
     0 | D:1      | Reached XP level 1. HP: 18/18 MP: 1/1
   181 | D:1      | Reached XP level 2. HP: 24/24 MP: 2/2
   189 | D:1      | Reached skill level 4 in Axes
   303 | D:1      | Found Ojudur's Antique Armour Shop.
   432 | D:1      | Found Susinowk's Assorted Antiques.
   666 | D:1      | Found Xiysitz's Jewellery Shop.
  1040 | D:1      | Reached XP level 3. HP: 20/29 MP: 3/3
  1253 | D:2      | Reached ** piety under Trog
  1352 | D:2      | Reached skill level 5 in Axes
  1403 | D:2      | Reached XP level 4. HP: 33/36 MP: 4/4
  1656 | D:2      | Found a faded altar of an unknown god.
  2114 | D:3      | Reached skill level 6 in Axes
  2114 | D:3      | Reached XP level 5. HP: 32/41 MP: 5/5
  2985 | D:4      | Noticed a centaur
  2994 | D:4      | Killed a centaur
  2995 | D:4      | Reached skill level 7 in Axes
  2995 | D:4      | Reached XP level 6. HP: 46/47 MP: 6/6
  3150 | D:4      | Found a hide-covered altar of Uskayaw.
  3151 | D:4      | Found a glowing golden altar of the Shining One.
  3369 | D:4      | Reached skill level 8 in Axes
  3423 | D:4      | Slain by an ogre

Illustrated notes

Levels and vault maps discovered:
D:1:      lightli_molten_gateway, layout_basic, serial_shops,
          nicolae_shop_overgrown_old_shop, shop, shop_fountains
D:2:      layout_rooms, basic_ecumenical_altar
D:3:      layout_basic, minmay_misc_feat_four_crosses, st_stairs_6
D:4:      layout_rooms, mainiacjoe_overflow_divided_tiny, hex_medium,
          minmay_misc_feat_five, minmay_liquid_box, serial_bayou_lagoon_b

Skill      XL: |  1  2  3  4  5  6 |
---------------+-------------------+-----
Axes           | 4 5 6 7 8 |  8.1
Fighting       | |  3.6
Armour         | |  2.4
Dodging        | |  2.1

Action                   |  1- 3 |  4- 6 || total
-------------------------+-------+-------++-------
Melee: Hand axe          |   107 |   182 ||   289
       Punch             |     1 |     3 ||     4
Invok: Berserk           |     1 |     4 ||     5
 Stab: Sleeping          |     1 |       ||     1
Armor: Animal skin       |    12 |       ||    12
       Ring mail         |    18 |    62 ||    80
Dodge: Dodged            |    50 |    96 ||   146

Table legend: (Time is in decaauts)
 A = Elapsed time spent in this place.
 B = Non-inter-level travel time spent in this place.
 C = Inter-level travel time spent in this place.
 D = Time resting spent in this place.
 E = Time spent auto-exploring this place.
 F = Levels seen in this place.
 G = Mean time per level.
                   A        B        C        D        E       F      G
               +--------+--------+--------+--------+--------+-----+--------+
         Total |   3948 |   3826 |    122 |     44 |   3024 |   4 |  987.0 |
       Dungeon |   3948 |   3826 |    122 |     44 |   3024 |   4 |  987.0 |
               +--------+--------+--------+--------+--------+-----+--------+

Top non-repeatable levels by time:
     D:1: 1236 daAuts
     D:3: 1144 daAuts
     D:2: 924 daAuts
     D:4: 642 daAuts
